 Dungeon Crawl Stone Soup version 0.30-a0-570-g486de37d69 (webtiles) character file.

Game seed: 53432800720873581

181 HoaS the Shooter (level 5, -4/30 HPs)
             Began as a Tengu Hunter on Dec 29, 2022.
             Was an Initiate of Okawaru.
             Slain by a gnoll
             ... wielding a +0 flail
              (10 damage)
             ... on level 4 of the Dungeon.
             The game lasted 00:05:54 (2356 turns).

HoaS the Shooter (Tengu Hunter)                     Turns: 2356, Time: 00:05:54

Health: -4/30      AC:  4    Str: 12    XL:     5   Next: 61%
Magic:  6/6        EV: 14    Int:  9    God:    Okawaru [......]
Gold:   138        SH:  5    Dex: 19    Spells: 4/4 levels left

rFire   . . .      SeeInvis .    a - +0 shortbow
rCold   . . .      Faith    .    (shield currently unavailable)
rNeg    . . .      Spirit   .    c - +0 leather armour
rPois   .          Reflect  +    (helmet restricted)
rElec   .          Harm     .    f - +0 cloak
rCorr   .          Rampage  .    (no gloves)
Will    .....                    (boots unavailable)
Stlth   ++                       k - amulet of reflection
HPRegen 0.25/turn                (no ring)
MPRegen 0.10/turn                (no ring)

@: flying quickly and evasively, quick
A: beak, talons 3, nimble flight
a: Renounce Religion


You were on level 4 of the Dungeon.
You worshipped Okawaru.
Okawaru was noncommittal.
You visited 1 branch of the dungeon, and saw 4 of its levels.

You collected 210 gold pieces.
You spent 72 gold pieces at shops.

Inventory:

Hand Weapons
 a - a +0 shortbow (weapon)
Armour
 c - a +0 leather armour (worn)
 f - a +0 cloak (worn)
Jewellery
 k - an amulet of reflection (around neck)
Wands
 n - a wand of light (9)
Scrolls
 b - 2 scrolls of immolation
 d - a scroll of fear
Potions
 e - 5 potions of curing
 g - a potion of attraction
 h - a potion of lignification {unknown}
 i - a potion of mutation {unknown}
 j - a potion of haste
 l - a potion of cancellation {unknown}
 m - a potion of might {unknown}


   Skills:
 - Level 2.0 Fighting
 * Level 7.3 Ranged Weapons
 - Level 2.1 Dodging
 - Level 1.0 Stealth
 + Level 0.1 Invocations


You had 4 spell levels left.
You didn't know any spells.
Your spell library contained the following spells:

 Spells                   Type           Power      Damage    Failure   Level
 Inner Flame              Hex/Fire       0%         N/A       83%         3
 Flame Wave               Conj/Fire      0%         2d4       99%         4
 Sticky Flame             Conj/Fire      0%         2d3       99%         4


Dungeon Overview and Level Annotations

Branches:
Dungeon (4/15)
 Temple: D:4-7

Altars:
Okawaru
Xom
The Shining One

Shops:
D:3 !


Innate Abilities, Weirdness & Mutations

You have a beak for a mouth.
You have claws for feet.
Your magical nature lets you fly swiftly and evasively.


Message History

Okawaru welcomes you!
You see here a +0 hand axe.
A gnoll comes into view. It is wielding a +0 whip.
The gnoll shouts!
You hear a shout!
You hear a bark!
No target in view!
You shoot an arrow. The arrow hits the gnoll.
The gnoll is moderately wounded.
You shoot an arrow. The arrow barely misses the gnoll.
You shoot an arrow. The arrow closely misses the gnoll.
You shoot an arrow. The arrow closely misses the gnoll.
The gnoll hits you with a +0 whip.
You shoot an arrow. The arrow hits the gnoll.
The gnoll is almost dead.
The gnoll misses you. The gnoll hits you with a +0 whip.
You shoot an arrow. The arrow hits the gnoll!
You kill the gnoll!
Okawaru accepts your kill.
You hear a shout! x2
No target in view!
You start resting.
A gnoll comes into view. It is wielding a +0 flail.
You shoot an arrow. The arrow barely misses the gnoll.
You shoot an arrow. The arrow closely misses the gnoll.
You shoot an arrow. The arrow barely misses the gnoll.
The gnoll closely misses you.
You shoot an arrow. The arrow barely misses the gnoll.
You block the gnoll's attack.
You shoot an arrow. The arrow closely misses the gnoll.
The gnoll hits you but does no damage.
You shoot an arrow. The arrow hits the gnoll.
The gnoll is moderately wounded.
The gnoll hits you with a +0 flail!
You are too injured to fight recklessly!
You are too injured to fight recklessly!
You are too injured to fight recklessly!
You shoot an arrow. The arrow closely misses the gnoll.
The gnoll hits you with a +0 flail!
* * * LOW HITPOINT WARNING * * *
The gnoll hits you with a +0 flail!
You die...

#... #.).).# ...#
#...##.._..##...#
.#....#.).).#....#
..(..........†...#
........###.....##
....#...g#...######
##.####...).......#
.....##...######.#
.......>.....g@#
......#.######.#
........# #.#
....#.#.#### #.#
....#.#....# #.#
... #....#.###.# ..
###..#..<#.#
#..#####.# ....


You could see a gnoll.

Vanquished Creatures
  A hound (D:4)
  An iguana (D:3)
  3 adders
  A gnoll (D:4)
  A white imp (D:3)
  2 worms (D:2)
  2 dart slugs
  An orc (D:3)
  4 bats
  4 endoplasms
  3 giant cockroaches
  9 goblins
  3 hobgoblins
  8 kobolds
  5 quokkas
  6 ball pythons (D:1)
  8 frilled lizards
  A goblin skeleton (D:3)
  2 hobgoblin zombies (D:3)
  2 orc skeletons (D:3)
  3 rats
70 creatures vanquished.

Notes
Turn   | Place    | Note
-------+----------+-------------------------------------------
     0 | D:1      | HoaS the Tengu Hunter began the quest for the Orb.
     0 | D:1      | Reached XP level 1. HP: 12/12 MP: 2/2
   177 | D:1      | Reached XP level 2. HP: 17/17 MP: 3/3
   187 | D:1      | Reached skill level 5 in Ranged Weapons
   514 | D:1      | Reached XP level 3. HP: 21/21 MP: 4/4
   972 | D:2      | Found a shimmering altar of Xom.
  1093 | D:2      | Reached skill level 6 in Ranged Weapons
  1248 | D:2      | Reached XP level 4. HP: 26/26 MP: 5/5
  1720 | D:3      | Found a glowing golden altar of the Shining One.
  1955 | D:3      | Gained mutation: Your magical nature lets you fly swiftly
                  | and evasively. [Tengu growth]
  1955 | D:3      | Reached XP level 5. HP: 19/30 MP: 6/6
  2017 | D:3      | Found Kishroni's Distillery.
  2021 | D:3      | Bought a potion of curing for 36 gold pieces
  2021 | D:3      | Bought a potion of curing for 36 gold pieces
  2227 | D:3      | Reached skill level 7 in Ranged Weapons
  2323 | D:4      | Found an iron altar of Okawaru.
  2329 | D:4      | Became a worshipper of Warmaster Okawaru
  2356 | D:4      | Slain by a gnoll

Illustrated notes

Levels and vault maps discovered:
D:1:      zaba_arrival_water, layout_basic, minmay_split_cup_large
D:2:      layout_basic, basic_altar, grunt_ministairs_11, nrook_mini_vaults,
          corexii_hall_statues_l, wander_ebering_terrifying_dragon_lair
D:3:      layout_basic, nicolae_tso_besieged_by_evil, serial_shops, shop
D:4:      layout_basic, okawaru_ov_weapons_minmay, nemelex_diamond_rough_becter,
          corner_web_ring

Skill      XL: |  1  2  3  4  5 |
---------------+----------------+-----
Ranged Weapons | 5 6 7 |  7.3
Fighting       | |  2.0
Dodging        | |  2.1
Stealth        | |  1.0
Invocations    | |  0.1

Action                   |  1- 3 |  4- 6 || total
-------------------------+-------+-------++-------
 Fire: Shortbow          |    97 |    93 ||   190
  Use: Scroll            |     4 |     5 ||     9
Armor: Leather armour    |    17 |    11 ||    28
Dodge: Dodged            |    32 |    18 ||    50
Block: Other             |       |     1 ||     1

Table legend: (Time is in decaauts)
 A = Elapsed time spent in this place.
 B = Non-inter-level travel time spent in this place.
 C = Inter-level travel time spent in this place.
 D = Time resting spent in this place.
 E = Time spent auto-exploring this place.
 F = Levels seen in this place.
 G = Mean time per level.
                   A        B        C        D        E       F      G
               +--------+--------+--------+--------+--------+-----+--------+
         Total |   2379 |   2259 |    120 |    198 |   1613 |   4 |  594.8 |
       Dungeon |   2379 |   2259 |    120 |    198 |   1613 |   4 |  594.8 |
               +--------+--------+--------+--------+--------+-----+--------+

Top non-repeatable levels by time:
     D:1: 884 daAuts
     D:2: 843 daAuts
     D:3: 597 daAuts
     D:4: 53 daAuts
